 Dungeon Crawl Stone Soup version 0.18-a0-1800-gdc7a371 (webtiles) character file.

178 TheGoonsmith the Conjurer (level 5, -3/31 HPs)
             Began as an Octopode Conjurer on Apr 25, 2016.
             Was an Initiate of Sif Muna.
             Slain by a gnoll
             ... wielding a +0 spear
              (6 damage)
             ... on level 3 of the Dungeon.
             The game lasted 00:04:26 (2916 turns).

TheGoonsmith the Conjurer (Octopode Conjurer)       Turns: 2916, Time: 00:04:26

Health: -3/31      AC:  1    Str:  8    XL:     5   Next: 58%
Magic:  0/8        EV: 15    Int: 18    God:    Sif Muna [......]
Gold:   103        SH:  0    Dex: 12    Spells: 3 memorised, 2 levels left

rFire  . . .     SeeInvis .     i - +0 mace
rCold  . . .     Gourm    .     (no shield)
rNeg   . . .     Faith    .     (helmet restricted)
rPois  .         Spirit   .     (no amulet)
rElec  .         Dismiss  .     q - +3 ring of evasion (curse)
rCorr  .         Reflect  .     (no ring)
SustAt .         Harm     .     (no ring)
MR     .....                    (no ring)
Stlth  +++.......               (no ring)
                                (no ring)
                                (no ring)
                                (no ring)

@: not resistant to hostile enchantments, fairly stealthy
A: almost no armour, amphibious, 8 rings, constrict 8, camouflage 1, gelatinous
body 1
a: Renounce Religion


You were on level 3 of the Dungeon.
You worshipped Sif Muna.
Sif Muna was noncommittal.
You were hungry.

You visited 1 branch of the dungeon, and saw 3 of its levels.

You collected 103 gold pieces.

Inventory:

Hand Weapons
 i - a +0 mace (weapon)
Jewellery
 q - a cursed +3 ring of evasion (left tentacle)
Scrolls
 b - a scroll of magic mapping
 c - 2 scrolls of identify
 e - a scroll of enchant armour {unknown}
 f - a scroll of fog {unknown}
 l - a scroll of remove curse {unknown}
 m - a scroll of random uselessness {unknown}
 o - a scroll of blinking {unknown}
 r - a scroll of teleportation {unknown}
 s - a scroll of fear {unknown}
Books
 a - a book of Conjurations

   Spells                             Type                      Level
   a - Magic Dart                     Conjuration                  1
   b - Searing Ray                    Conjuration                  2
   c - Dazzling Spray                 Conjuration/Hexes            3
   d - Fulminant Prism                Conjuration/Hexes            4
   e - Iskenderun's Mystic Blast      Conjuration                  4
   f - Iskenderun's Battlesphere      Conjuration/Charms           5
Comestibles
 g - 2 meat rations
 j - a beef jerky
 k - a royal jelly
 n - a bread ration
 p - a slice of pizza
 t - 2 chunks of flesh


   Skills:
 - Level 2.0 Dodging
 - Level 2.6 Stealth
 + Level 2.5 Spellcasting
 - Level 6.4 Conjurations


You had 2 spell levels left.
You knew the following spells:

 Your Spells              Type           Power        Failure   Level  Hunger
a - Magic Dart            Conj           ####         1%          1    #......
b - Searing Ray           Conj           ####..       1%          2    ##.....
x - Iskenderun's Mystic   Conj           ####....     14%         4    #####..


Dungeon Overview and Level Annotations

Branches:
Dungeon (3/15)

Altars:
Elyvilon
Sif Muna


Innate Abilities, Weirdness & Mutations

You cannot wear most types of armour.
You are amphibious.
You can wear up to eight rings at the same time.
You can use your tentacles to constrict eight enemies at once.
Your skin changes colour to match your surroundings (Stealth).
Your rubbery body absorbs attacks (AC +1).


Message History

Read which item? (? for menu, Esc to quit)
Okay, then.
Casting: Magic Dart
Confirm with . or Enter, or press ? or * to list all spells.
Aiming: Magic Dart
Press: ? - help, Shift-Dir - straight line, f/p - gnoll
Aim: a gnoll, wielding a spear and wearing a ring mail (moderately wounded, berserk, fast, unusually strong)
The magic dart hits the gnoll.
The gnoll is moderately wounded.
The gnoll barely misses you. The gnoll closely misses you.
Casting: Magic Dart
Confirm with . or Enter, or press ? or * to list all spells.
Aiming: Magic Dart
Press: ? - help, Shift-Dir - straight line, f/p - gnoll
Aim: a gnoll, wielding a spear and wearing a ring mail (moderately wounded, berserk, fast, unusually strong)
The magic dart hits the gnoll.
The gnoll is moderately wounded.
The gnoll closely misses you. The gnoll hits you with a spear.
You die...

......(................#....#
......................##....#####
......g....................>†....
................†.....##.........
.......######......((...........<
.....#g### #......(...#.....#....
.....#...# #................####.
.....###.###).g.......)#....# #.
####.# #..)....g@...........# ..
#..######.......(.......... ..
##..# #.........####........ #.#
##......### ###... .. #.##.###
#.. #.##.# ...#.# ##....#


You could see 2 gnolls.

Vanquished Creatures
  A crimson imp (D:3)
  2 gnolls
  5 adders
  2 worms (D:2)
  A dart slug (D:1)
  A giant gecko (D:1)
  2 ball pythons (D:1)
  3 giant cockroaches
  5 goblins
  9 hobgoblins
  4 jackals (D:2)
  13 kobolds
  2 quokkas (D:2)
  6 bats
  5 giant newts
  8 rats
69 creatures vanquished.

Notes
Turn   | Place    | Note
--------------------------------------------------------------
     0 | D:1      | TheGoonsmith the Octopode Conjurer began the quest for the Orb.
     0 | D:1      | Reached XP level 1. HP: 11/11 MP: 3/3
   144 | D:1      | Reached XP level 2. HP: 14/17 MP: 0/5
   972 | D:1      | Reached XP level 3. HP: 21/21 MP: 2/6
  1351 | D:1      | Reached skill level 5 in Conjurations
  1536 | D:2      | Learned a level 2 spell: Searing Ray
  1920 | D:2      | Reached XP level 4. HP: 27/27 MP: 4/7
  1953 | D:2      | Found a white marble altar of Elyvilon.
  1985 | D:2      | Learned a level 4 spell: Iskenderun's Mystic Blast
  2367 | D:2      | Reached skill level 6 in Conjurations
  2621 | D:3      | Found a deep blue altar of Sif Muna.
  2626 | D:3      | Became a worshipper of Sif Muna the Loreminder
  2651 | D:3      | Reached XP level 5. HP: 31/31 MP: 2/8
  2916 | D:3      | Slain by a gnoll

Vault maps used:
D:1:      lightli_arrival_noodles, kennysheep_small_spiral
D:2:      elyvilon_altar_5
D:3:      marbit_many_paths, serial_curves, eino_curves_02, eino_curves_03,
          led_xom_imps

Skill      XL: |  1  2  3  4 |
---------------+-------------+-----
Conjurations   | 5 6 |  6.4
Dodging        | |  2.0
Stealth        | |  2.6
Spellcasting   | |  2.5

Action                   |  1- 3 |  4- 6 || total
-------------------------+-------+-------++-------
Melee: Unarmed           |     3 |       ||     3
       Constrict         |     2 |     5 ||     7
       Tentacles         |     1 |     3 ||     4
       Mace              |     2 |    14 ||    16
 Cast: Magic Dart        |    78 |    67 ||   145
       Searing Ray       |       |     1 ||     1
  Use: Potion            |       |     2 ||     2
       Scroll            |       |     1 ||     1
  Eat: Bread ration      |     1 |       ||     1
       Chunk             |       |     3 ||     3
Armor: Skin              |     1 |     3 ||     4
Dodge: Dodged            |     8 |    29 ||    37
